 Dungeon Crawl Stone Soup version 0.28-a0-925-gd5e1996cdb (webtiles) character file.

Game seed: 10864517603534425460

3906 Ijustatesigmund the Prestidigitator (level 10, -5/76 HPs)
             Began as a Gnoll Artificer on Nov 26, 2021.
             Was an Initiate of Cheibriados.
             Slain by a gargoyle (8 damage)
             ... on level 8 of the Dungeon.
             The game lasted 00:11:28 (7032 turns).

Ijustatesigmund the Prestidigitator (GnAr)          Turns: 7032, Time: 00:11:29

Health: -5/76      AC: 30    Str: 13    XL:     10   Next: 20%
Magic:  17/17      EV:  5    Int: 14    God:    Cheibriados [......]
Gold:   354        SH:  5    Dex: 14    Spells: 19/19 levels left

rFire   . . .      SeeInvis .   a - +2 short sword (venom)
rCold   . . .      Faith    .   o - +0 buckler
rNeg    . . .      Spirit   .   f - +15 Maxwell's patent armour {-Cast -Tele rElec Will+ rCorr}
rPois   .          Reflect  .   (no helmet)
rElec   +          Harm     .   (no cloak)
rCorr   +          Rampage  .   p - +1 pair of gloves
Will    +....      NoTele   +   (no boots)
Stlth   .......... NoCast   +   g - amulet of the acrobat
HPRegen 0.22/turn               i - +4 ring of slaying
MPRegen 0.15/turn               (no ring)

@: very slow
A: fangs 1, strong nose, distributed training
a: Renounce Religion


You were on level 8 of the Dungeon.
You worshipped Cheibriados.
Cheibriados was noncommittal.
You visited 2 branches of the dungeon, and saw 9 of its levels.

You collected 410 gold pieces.
You spent 56 gold pieces at shops.

Inventory:

Hand Weapons
 a - a +2 short sword of venom (weapon)
 C - a +0 morningstar
 D - a +1 broad axe
Missiles
 j - 8 boomerangs
Armour
 f - the +15 Maxwell's patent armour (worn) {-Cast -Tele rElec Will+ rCorr}
   (You acquired it on level 1 of the Dungeon)

   rElec:     It insulates you from electricity.
   -Cast:     It prevents spellcasting.
   -Tele:     It prevents most forms of teleportation.
   rCorr:     It protects you from acid and corrosion.
   Will:      It increases your willpower.
 o - a +0 buckler (worn)
 p - a +1 pair of gloves (worn)
 E - +0 steam dragon scales
Jewellery
 b - a ring of ice
 g - an amulet of the acrobat (around neck)
 i - a +4 ring of slaying (left hand)
 s - an amulet of magic regeneration
 v - a ring of fire
Wands
 c - a wand of flame (22) (quivered)
 d - a wand of charming (15)
Scrolls
 r - 3 scrolls of fear
 u - a scroll of amnesia
 x - a scroll of teleportation
 y - 3 scrolls of enchant armour
 A - a scroll of blinking
Potions
 h - 4 potions of curing
 k - a potion of resistance
 l - a potion of ambrosia
 m - 2 potions of flight
 q - a potion of might
 t - a potion of attraction
 w - 2 potions of brilliance
Miscellaneous
 e - a piece from Xom's chessboard (15/15)


   Skills:
 + Level 5.7 Fighting
 + Level 5.0 Short Blades
 + Level 5.0 Long Blades
 + Level 5.0 Axes
 + Level 5.0 Maces & Flails
 + Level 5.0 Polearms
 + Level 5.0 Staves
 + Level 5.0 Slings
 + Level 5.0 Bows
 + Level 5.0 Crossbows
 + Level 5.0 Throwing
 + Level 6.9 Armour
 + Level 5.7 Dodging
 + Level 5.6 Stealth
 + Level 5.0 Shields
 + Level 5.0 Unarmed Combat
 + Level 5.0 Spellcasting
 + Level 4.1 Conjurations
 + Level 4.1 Hexes
 + Level 4.1 Summonings
 + Level 4.1 Necromancy
 + Level 4.1 Translocations
 + Level 4.1 Transmutations
 + Level 4.1 Fire Magic
 + Level 4.1 Ice Magic
 + Level 4.1 Air Magic
 + Level 4.1 Earth Magic
 + Level 4.1 Poison Magic
 + Level 5.5 Invocations
 + Level 8.3 Evocations


You had 19 spell levels left.
You didn't know any spells.
Your spell library contained the following spells:

 Spells                   Type           Power      Damage    Failure   Level
 Magic Dart               Conj           60%        1d6       95%         1
 Call Imp                 Summ           15%        N/A       99%         2
 Gell's Gravitas          Tloc           15%        N/A       100%        3
 Mephitic Cloud           Conj/Pois/Air  15%        N/A       100%        3
 Summon Guardian Golem    Hex/Summ       15%        N/A       100%        3
 Teleport Other           Tloc           15%        N/A       100%        3
 Dispersal                Tloc           7%         N/A       100%        6
 Orb of Destruction       Conj           7%         9d3       100%        7
 Spellforged Servitor     Conj/Summ      7%         N/A       100%        7


Dungeon Overview and Level Annotations

Branches:
Dungeon (8/15)             Temple (1/1) D:7
   Lair: D:8-11

Altars:
Ashenzari
Cheibriados
Dithmenos
Elyvilon
Fedhas
Gozag
Hepliaklqana
Kikubaaqudgha
Makhleb
Nemelex Xobeh
Okawaru
Qazlal
Ru
Sif Muna
Trog
Uskayaw
Vehumet
Wu Jian
Xom
Yredelemnul
Zin
The Shining One

Shops:
D:4 ?[   D:5 (


Innate Abilities, Weirdness & Mutations

You have very sharp teeth.
Your uncanny sense of smell can sniff out nearby items.
Your experience applies equally to all skills.


Message History

You are too injured to fight recklessly!
You are too injured to fight recklessly!
You are too injured to fight recklessly!
You are too injured to fight recklessly!
You are too injured to fight recklessly!
You are too injured to fight recklessly!
You are too injured to fight recklessly!
You are too injured to fight recklessly!
You are too injured to fight recklessly!
You are too injured to fight recklessly!
You are too injured to fight recklessly!
You are too injured to fight recklessly!
You are too injured to fight recklessly!
You are too injured to fight recklessly!
You are too injured to fight recklessly!
You are too injured to fight recklessly!
You are too injured to fight recklessly!
You are too injured to fight recklessly!
You hit the gargoyle but do no damage. Your bite misses the gargoyle.
The gargoyle is almost destroyed.
The gnoll hits you from afar with a +0 spear.
You block the gnoll's attack.
You hit the gargoyle.
The gargoyle is almost destroyed.
The gargoyle barely misses you. You block the gnoll's attack.
The gnoll barely misses you.
You hit the gargoyle but do no damage.
You bite the gargoyle, but do no damage.
The gargoyle is almost destroyed.
The gargoyle hurls a stone arrow at you.
The stone arrow hits you!!
* * * LOW HITPOINT WARNING * * *
The gnoll hits you from afar with a +0 spear.
* * * LOW HITPOINT WARNING * * *
The gnoll hits you but does no damage.
Okay, then.
As you read the scroll of fear, it crumbles to dust.
You assume a fearsome visage.
The gnoll looks frightened! x2
The gargoyle is unaffected.
The gargoyle hits you with a +0 flail!
You die...

#. #. ##### #. #...# #.
### #...# ## .... #...#
..... #...#
.....g#####...##########
......9@..'.............
.....g#####...##########
..... #####...##### ....
+............ ∆ ...
############# ##


You could see a gargoyle and 2 gnolls.

Vanquished Creatures
  The ghost of benitares the Grappler, a novice TrFi of Wu Jian (D:7)
  Maggie (D:7)
  Prince Ribbit (D:7)
  The ghost of Stonecrops the Shooter, an amateur DEAM (D:4)
  Sigmund (D:2)
  A wyvern (D:5)
  Eustachio (D:5)
  An ice beast (D:7)
  3 orc warriors (D:7)
  A necrophage (D:5)
  An ogre (D:4)
  4 centaurs
  A phantom (D:7)
  2 bullfrogs
  2 wyvern zombies
  3 scorpions
  A water moccasin zombie (D:5)
  A wyvern skeleton (D:5)
  2 water moccasin skeletons
  4 killer bees (D:7)
  A howler monkey (D:6)
  A jelly (D:7)
  2 orc priests (D:7)
  A bullfrog skeleton (D:7)
  A centaur skeleton (D:6)
  A gnoll shaman (D:8)
  2 hounds
  3 orc wizards
  3 hound skeletons (D:4)
  A gnoll (D:8)
  7 adders
  A shadow imp (D:6)
  A white imp (D:5)
  2 ufetubi (D:5)
  A worm (D:2)
  2 dart slugs (D:2)
  12 orcs
  5 endoplasms
  6 giant cockroaches
  6 goblins
  3 hobgoblins
  3 quokkas
  10 ball pythons
  4 bats (D:2)
  4 frilled lizards
  5 kobolds
  4 rats
125 creatures vanquished.

Vanquished Creatures (collateral kills)
  A frilled lizard (D:3)
1 creature vanquished.

Grand Total: 126 creatures vanquished

Notes
Turn   | Place    | Note
-------+----------+-------------------------------------------
     0 | D:1      | Ijustatesigmund the Gnoll Artificer began the quest for the
                  | Orb.
     0 | D:1      | Reached XP level 1. HP: 17/17 MP: 1/1
   399 | D:1      | Reached XP level 2. HP: 23/23 MP: 2/2
   682 | D:1      | Identified a scroll of acquirement
   682 | D:1      | Acquired the +15 Maxwell's patent armour {-Cast -Tele rElec
                  | Will+ rCorr}
   682 | D:1      | Found the +15 Maxwell's patent armour {-Cast -Tele rElec
                  | Will+ rCorr}
   948 | D:2      | Reached XP level 3. HP: 27/28 MP: 3/3
   995 | D:2      | Reached skill level 1 in Invocations
  1005 | D:2      | Reached skill level 1 in Short Blades
  1005 | D:2      | Reached skill level 1 in Long Blades
  1005 | D:2      | Reached skill level 1 in Axes
  1005 | D:2      | Reached skill level 1 in Maces & Flails
  1005 | D:2      | Reached skill level 1 in Polearms
  1005 | D:2      | Reached skill level 1 in Staves
  1005 | D:2      | Reached skill level 1 in Slings
  1005 | D:2      | Reached skill level 1 in Bows
  1005 | D:2      | Reached skill level 1 in Crossbows
  1005 | D:2      | Reached skill level 1 in Throwing
  1005 | D:2      | Reached skill level 1 in Shields
  1005 | D:2      | Reached skill level 1 in Unarmed Combat
  1005 | D:2      | Reached skill level 1 in Spellcasting
  1053 | D:2      | Reached XP level 4. HP: 28/34 MP: 5/5
  1172 | D:2      | Noticed Sigmund
  1184 | D:2      | Killed Sigmund
  1185 | D:2      | Reached skill level 1 in Conjurations
  1185 | D:2      | Reached skill level 1 in Hexes
  1185 | D:2      | Reached skill level 1 in Summonings
  1185 | D:2      | Reached skill level 1 in Necromancy
  1185 | D:2      | Reached skill level 1 in Translocations
  1185 | D:2      | Reached skill level 1 in Transmutations
  1185 | D:2      | Reached skill level 1 in Fire Magic
  1185 | D:2      | Reached skill level 1 in Ice Magic
  1185 | D:2      | Reached skill level 1 in Air Magic
  1185 | D:2      | Reached skill level 1 in Earth Magic
  1185 | D:2      | Reached skill level 1 in Poison Magic
  1185 | D:2      | Reached XP level 5. HP: 23/41 MP: 5/7
  1347 | D:2      | Reached XP level 6. HP: 45/47 MP: 8/8
  1805 | D:3      | Reached skill level 5 in Armour
  2944 | D:4      | Found a radiant altar of Vehumet.
  3046 | D:4      | Found Yzug's Antique Armour Emporium.
  3138 | D:4      | Reached XP level 7. HP: 42/52 MP: 10/10
  3199 | D:4      | Found Feorri's Magic Scroll Emporium.
  3207 | D:4      | Bought a scroll of identify for 28 gold pieces
  3211 | D:4      | Bought a scroll of identify for 28 gold pieces
  3438 | D:4      | Noticed Stonecrops's ghost (amateur DEAM)
  3448 | D:4      | Found a runed translucent gate.
  3448 | D:4      | Found a runed translucent gate.
  3459 | D:4      | Found a runed translucent gate.
  3689 | D:5      | Entered Level 5 of the Dungeon
  3704 | D:5      | Reached skill level 7 in Evocations
  3877 | D:5      | Found Utauroe's Weapon Emporium.
  3942 | D:5      | Noticed Eustachio
  3966 | D:5      | Killed Eustachio
  4079 | D:5      | Reached XP level 8. HP: 54/60 MP: 12/12
  4182 | D:5      | Noticed a wyvern
  4191 | D:5      | Killed a wyvern
  4832 | D:7      | Found a staircase to the Ecumenical Temple.
  5117 | D:7      | Reached XP level 9. HP: 66/66 MP: 14/14
  5140 | D:7      | Found a runed translucent door.
  5143 | D:7      | Noticed benitares's ghost (novice TrFi)
  5594 | D:7      | Noticed Maggie
  5605 | D:7      | Killed Maggie
  5606 | D:7      | Reached skill level 5 in Fighting
  5606 | D:7      | Reached skill level 5 in Dodging
  5682 | D:7      | Reached skill level 5 in Stealth
  5692 | D:7      | Reached skill level 8 in Evocations
  5724 | D:7      | Noticed Prince Ribbit
  5737 | D:7      | Killed Prince Ribbit
  5738 | D:7      | Reached skill level 5 in Invocations
  6078 | D:4      | Killed Stonecrops's ghost
  6619 | D:7      | Killed benitares's ghost
  6620 | D:7      | Reached skill level 5 in Short Blades
  6620 | D:7      | Reached skill level 5 in Long Blades
  6620 | D:7      | Reached skill level 5 in Axes
  6620 | D:7      | Reached skill level 5 in Maces & Flails
  6620 | D:7      | Reached skill level 5 in Polearms
  6620 | D:7      | Reached skill level 5 in Staves
  6620 | D:7      | Reached skill level 5 in Slings
  6620 | D:7      | Reached skill level 5 in Bows
  6620 | D:7      | Reached skill level 5 in Crossbows
  6620 | D:7      | Reached skill level 5 in Throwing
  6620 | D:7      | Reached skill level 5 in Shields
  6620 | D:7      | Reached skill level 5 in Unarmed Combat
  6620 | D:7      | Reached skill level 5 in Spellcasting
  6620 | D:7      | Reached XP level 10. HP: 64/76 MP: 17/17
  6716 | Temple   | Entered the Ecumenical Temple
  6762 | Temple   | Became a worshipper of Cheibriados the Contemplative
  7013 | D:8      | Noticed a gargoyle
  7031 | D:8      | HP: 3/76 [gnoll (3)]
  7032 | D:8      | Slain by a gargoyle

Illustrated notes

Levels and vault maps discovered:
D:1:      mrwooster_arrival_statue_3, layout_basic, minmay_pentomino_q2
D:2:      layout_rooms, st_stairs_13, minmay_misc_feat_x,
          minmay_misc_feat_pillars, minmay_joined_circles, uniq_sigmund
D:3:      layout_basic
D:4:      layout_loops_ring, vehumet_altar_wand_db, serial_shops, shop, shop,
          gammafunk_ghost_split
D:5:      layout_rooms, serial_shops, nicolae_shop_hallway_stairs,
          uniq_eustachio
D:6:      layout_cave_pools, serial_column_ruins, column_ruins_hut_water,
          column_ruins_corridor_corner, column_ruins_open_small,
          column_ruins_columns_straight, column_ruins_open_small_water
D:7:      layout_basic, minmay_temple_entry_slanted,
          hellmonk_ghost_happy_afterlife, uniq_maggie, uniq_prince_ribbit1
D:8:      lemuel_insect_pit, layout_basic, minivault_12
Temple:   kilobyte_greek_temple

Skill      XL: |  1  2  3  4  5  6  7  8  9 |
---------------+----------------------------+-----
Invocations    | 1 2 3 4 5 |  5.5
Short Blades   | 1 2 3 5 |  5.0
Long Blades    | 1 2 3 5 |  5.0
Axes           | 1 2 3 5 |  5.0
Maces & Flails | 1 2 3 5 |  5.0
Polearms       | 1 2 3 5 |  5.0
Staves         | 1 2 3 5 |  5.0
Slings         | 1 2 3 5 |  5.0
Bows           | 1 2 3 5 |  5.0
Crossbows      | 1 2 3 5 |  5.0
Throwing       | 1 2 3 5 |  5.0
Shields        | 1 2 3 5 |  5.0
Unarmed Combat | 1 2 3 5 |  5.0
Spellcasting   | 1 2 3 5 |  5.0
Fighting       | 3 4 5 |  5.7
Dodging        | 3 4 5 |  5.7
Conjurations   | 1 2 3 4 |  4.1
Hexes          | 1 2 3 4 |  4.1
Summonings     | 1 2 3 4 |  4.1
Necromancy     | 1 2 3 4 |  4.1
Translocations | 1 2 3 4 |  4.1
Transmutations | 1 2 3 4 |  4.1
Fire Magic     | 1 2 3 4 |  4.1
Ice Magic      | 1 2 3 4 |  4.1
Air Magic      | 1 2 3 4 |  4.1
Earth Magic    | 1 2 3 4 |  4.1
Poison Magic   | 1 2 3 4 |  4.1
Stealth        | 3 4 5 |  5.6
Armour         | 5 6 |  6.9
Evocations     | 7 8 |  8.3

Action                   |  1- 3 |  4- 6 |  7- 9 | 10-12 || total
-------------------------+-------+-------+-------+-------++-------
Melee: Short sword       |    71 |    85 |   355 |    38 ||   549
       Club              |     3 |       |       |       ||     3
       Bite              |     5 |     7 |    35 |     3 ||    50
Evoke: Wand              |     2 |       |     1 |       ||     3
  Use: Scroll            |     5 |     8 |     4 |     5 ||    22
       Potion            |       |       |     3 |       ||     3
 Stab: Sleeping          |     2 |       |       |       ||     2
Armor: Leather armour    |     4 |       |       |       ||     4
       Plate armour      |    28 |    54 |   244 |    31 ||   357
Dodge: Dodged            |    31 |    22 |    68 |    15 ||   136
Block: Buckler           |       |    15 |    61 |    14 ||    90

Table legend: (Time is in decaauts)
 A = Elapsed time spent in this place.
 B = Non-inter-level travel time spent in this place.
 C = Inter-level travel time spent in this place.
 D = Time resting spent in this place.
 E = Time spent auto-exploring this place.
 F = Levels seen in this place.
 G = Mean time per level.
                   A        B        C        D        E       F      G
               +--------+--------+--------+--------+--------+-----+--------+
         Total |   7025 |   6753 |    272 |    927 |   4698 |   9 |  780.6 |
       Dungeon |   6922 |   6699 |    223 |    927 |   4658 |   8 |  865.2 |
        Temple |    102 |     53 |     49 |      0 |     40 |   1 |  102.0 |
               +--------+--------+--------+--------+--------+-----+--------+

Top non-repeatable levels by time:
     D:7: 1417 daAuts
     D:3: 1165 daAuts
     D:1: 944 daAuts
     D:4: 835 daAuts
     D:2: 828 daAuts
     D:6: 809 daAuts
     D:5: 688 daAuts
     D:8: 232 daAuts
  Temple: 102 daAuts
